 Dungeon Crawl Stone Soup version 0.32-a0-871-ge202e49faa (webtiles) character file.

Game seed: 14021594048320466197

1632224 cforsyth the Acrobat (level 27, 213/213 HPs)
             Began as a Djinni Fire Elementalist on Mar 29, 2024.
             Was the Champion of Elyvilon.
             Escaped with the Orb
             ... and 3 runes!
             The game lasted 04:11:16 (74311 turns).

cforsyth the Acrobat (Djinni Fire Elementalist)    Turns: 74311, Time: 04:11:17

Health: 213/213    AC: 12    Str:  3    XL:     27
Gold:   7075       EV: 25    Int: 29    God:    Elyvilon [******] SH: 15 Dex: 21

rFire   + + +        a - +0 dagger "Koxzywig" {venom, ^Fragile rN++ SInv}
rCold   + . .        Z - +2 kite shield {reflect}
rNeg    + + .        p - +6 leather armour of the Playwright {rElec Regen+ Int-2}
rPois   ∞            G - +2 hat
rElec   +            n - scarf {rC+ rF+}
rCorr   .            f - +0 pair of gloves
SInv    +            (boots unavailable)
Will    +++..        s - amulet "Bibefeoh" {Regen+ Int+5}
Stlth   +            Q - ring of the Ladybird {Wiz rC+ Dex+4}
HPRegen 2.15/turn    D - ring "Keotyzak" {rPois Will+}
MPRegen 0.00/turn

%: reflection, wizardry (x1)
@: flying
A: sickness immunity, fire resistance 2, cold vulnerability 1, float, innate
caster, HP casting, extra vitality 1, deformed body, dopey 1, weak 2, subdued
magic 1
0: Orb of Zot
}: 3/15 runes: serpentine, barnacled, slimy
a: Renounce Religion, Purification, Heal Other, Heal Self, Divine Vigour


You escaped.
You worshipped Elyvilon.
Elyvilon was exalted by your worship.
You visited 12 branches of the dungeon, and saw 55 of its levels.
You visited 1 bazaar.
You also visited: Trove, Ossuary, Gauntlet and Ice Cave.

You collected 8213 gold pieces.
You spent 1138 gold pieces at shops.


Innate Abilities, Weirdness & Mutations

You are immune to sickness and miasma.
You are immune to poison.
Your flesh is very heat resistant. (rF++)
You are vulnerable to cold. (rC-)
You float through the air rather than walking.
You learn spells naturally, not from books.
Your magical power is your life essence.
You have superior vitality. (+4 MHP)
Armour fits poorly on your strangely shaped body.
You are dopey. (Int -2)
You are very weak. (Str -4)
Your spells are a little easier to cast, but a little less powerful.


   Skills:
 - Level 22.6 Fighting
 - Level 10.0 Armour
 + Level 26.9 Dodging
 - Level 1.5 Stealth
 - Level 12.0 Shields
 + Level 26.1 Spellcasting
 + Level 26.1 Conjurations
 + Level 26.1 Hexes
 + Level 26.1 Summonings
 + Level 26.1 Necromancy
 + Level 26.1 Translocations
 + Level 26.1 Fire Magic
 + Level 26.1 Ice Magic
 + Level 26.1 Air Magic
 + Level 26.1 Earth Magic
 + Level 26.1 Alchemy
 - Level 8.0 Invocations


You knew the following spells:

 Your Spells              Type           Power      Damage    Failure   Level
a - Dimensional Bullseye  Hex/Tloc       49%        N/A       0%          4
b - Arcjolt               Conj/Air       49%        1d59      0%          5
c - Summon Cactus Giant   Summ           49%        N/A       0%          6
d - Tukima's Dance        Hex            98%        N/A       0%          3
e - Ensorcelled Hibernat  Hex/Ice        100%       N/A       0%          2
f - Foxfire               Conj/Fire      100%       2x1d9     0%          1
g - Permafrost Eruption   Ice/Erth       49%        2x4d14    0%          6
h - Enfeeble              Hex            49%        N/A       1%          7
i - Lehudib's Crystal Sp  Conj/Erth      49%        10d12     1%          8
l - Lee's Rapid Deconstr  Erth           49%        3d23*     0%          5
m - Magic Dart            Conj           100%       1d8       0%          1
r - Inner Flame           Hex/Fire       98%        N/A       0%          3
s - Spellforged Servitor  Conj/Summ      49%        N/A       1%          7
y - Malign Gateway        Summ/Tloc      49%        N/A       1%          7
D - Death's Door          Necr           49%        N/A       6%          9
X - Scorch                Fire           100%       2d9       0%          2
Y - Volatile Blastmotes   Fire/Tloc      100%       2d18      0%          3
Z - Flame Wave            Conj/Fire      98%        2d20      0%          4
Your spell library was empty.

Inventory:

Hand Weapons
 a - the +0 dagger "Koxzywig" (weapon) {venom, ^Fragile rN++ SInv}
   (You found it on level 4 of the Shoals)

   rN++:      It greatly protects you from negative energy.
   SInv:      It lets you see invisible.
   ^Fragile:  It will be destroyed if unequipped.
 c - the +8 sling of Fortitude {heavy, ^Drain Fly rC+ SInv}
   (You found it on level 3 of the Elven Halls)

   rC+:       It protects you from cold.
   SInv:      It lets you see invisible.
   Fly:       It grants you flight.
   ^Drain:    It drains your maximum health when unequipped.
 w - the +12 long sword of Brutal Revenge {freeze, rPois Dex+4}
   (You found it on level 6 of the Dungeon)

   Dex+4:     It affects your dexterity (+4).
   rPois:     It protects you from poison.
 y - the +3 greatsling "Punk" {acid, rCorr}
   (You found it on level 2 of the Crypt)

   rCorr:     It protects you from acid and corrosion.
Armour
 f - a +0 pair of gloves (worn)
 n - a scarf of resistance (worn)
 p - the +6 leather armour of the Playwright (worn) {rElec Regen+ Int-2}
   (You found it on level 12 of the Dungeon)

   Int-2:     It affects your intelligence (-2).
   rElec:     It insulates you from electricity.
   Regen+:    It increases your rate of health regeneration.
 G - a +2 hat (worn)
 Z - a +2 kite shield of reflection (worn)
Jewellery
 s - the amulet "Bibefeoh" (around neck) {Regen+ Int+5}
   (You found it on level 1 of the Lair of Beasts)

   [amulet of regeneration]

   Int+5:     It affects your intelligence (+5).
   Regen+:    It increases your rate of health regeneration.
 v - the ring "Qequchat" {rElec Will+++ Str-2 Int-3 SInv}
   (You found it on level 1 of the Depths)

   [ring of see invisible]

   Str-2:     It affects your strength (-2).
   Int-3:     It affects your intelligence (-3).
   rElec:     It insulates you from electricity.
   Will+++:   It greatly increases your willpower.
   SInv:      It lets you see invisible.
 C - a ring of protection from cold
 D - the ring "Keotyzak" (right hand) {rPois Will+}
   (You found it on level 12 of the Dungeon)

   [ring of willpower]

   rPois:     It protects you from poison.
   Will+:     It increases your willpower.
 F - the amulet of Foisobi {Faith rN+ Str+3 Stlth-}
   (You found it in a treasure trove)

   [amulet of faith]

   Faith:     It allows you to gain divine favour quickly.
   Str+3:     It affects your strength (+3).
   rN+:       It protects you from negative energy.
   Stlth-:    It makes you less stealthy.
 I - the ring of Foolhardiness {rN++ AC+4 Dex+2}
   (You took it off an ancient champion on level 3 of the Crypt)

   [ring of protection]

   AC+4:      It affects your AC (+4).
   Dex+2:     It affects your dexterity (+2).
   rN++:      It greatly protects you from negative energy.
 Q - the ring of the Ladybird (left hand) {Wiz rC+ Dex+4}
   (You found it in a treasure trove)

   [ring of wizardry]

   Wiz:       It improves your spell success rate.
   Dex+4:     It affects your dexterity (+4).
   rC+:       It protects you from cold.
 S - the ring of Sechil {rN++ Int+6}
   (You took it off a skeletal warrior on level 3 of the Crypt)

   [ring of intelligence]

   Int+6:     It affects your intelligence (+6).
   rN++:      It greatly protects you from negative energy.
 T - the ring of the Middle {Fly Stlth+}
   (You found it in a treasure trove)

   [ring of flight]

   Fly:       It grants you flight.
   Stlth+:    It makes you more stealthy.
 V - the amulet "Monorph" {Faith rC++ Int+2}
   (You found it in a treasure trove)

   [amulet of faith]

   Faith:     It allows you to gain divine favour quickly.
   Int+2:     It affects your intelligence (+2).
   rC++:      It greatly protects you from cold.
 W - a ring of willpower
 Y - the ring "Siapp" {Ice rPois rN+++ MP-9 Dex-2}
   (You took it off Josephina on level 2 of the Crypt)

   [ring of ice]

   Ice:       It enhances your ice magic.
   Dex-2:     It affects your dexterity (-2).
   rF-:       It makes you vulnerable to fire.
   rC+:       It protects you from cold.
   rPois:     It protects you from poison.
   rN+++:     It renders you almost immune to negative energy.
   MP-9:      It affects your magic capacity (-9).
Wands
 x - a wand of charming (61)
 z - a wand of mindburst (49)
 A - a wand of acid (51)
 O - a wand of warping (82)
 P - a wand of polymorph (22)
 U - a wand of digging (27)
Scrolls
 h - 5 scrolls of blinking
 j - 5 scrolls of vulnerability
 l - 10 scrolls of teleportation {@r2}
 B - 4 scrolls of fear
 H - a scroll of immolation
 K - 10 scrolls of fog
 M - 8 scrolls of poison
 N - 4 scrolls of summoning
 R - 7 scrolls of enchant armour
Potions
 b - 15 potions of curing {@q1}
 d - 12 potions of enlightenment
 e - 10 potions of resistance
 g - 7 potions of mutation
 i - 2 potions of invisibility
 k - 8 potions of might
 o - 9 potions of attraction
 q - 10 potions of heal wounds {@q2}
 r - 11 potions of brilliance
 t - 9 potions of haste {@q3}
 u - 11 potions of lignification
 E - 2 potions of cancellation
 L - 7 potions of ambrosia
Miscellaneous
 J - a phantom mirror
 X - a lightning rod (4/4)

Dungeon Overview and Level Annotations

Branches:
Dungeon (15/15)            Temple (1/1) D:6            Lair (5/5) D:10
 Shoals (4/4) Lair:2        Snake (4/4) Lair:3        Slime (5/5) Lair:4
    Orc (2/2) D:12            Elf (3/3) Orc:2        Vaults (4/5) D:13
  Crypt (3/3) Vaults:3       Tomb (0/3) Crypt:3      Depths (4/4) D:15
    Zot (5/5) Depths:4    Ossuary (visited)           IceCv (visited)
Gauntlet (visited)

Altars:
Ashenzari
Cheibriados
Dithmenos
Elyvilon
Fedhas
Gozag
Hepliaklqana
Makhleb
Nemelex Xobeh
Okawaru
Qazlal
Ru
Trog
Uskayaw
Wu Jian
Xom
Yredelemnul
Zin
The Shining One
Beogh
Jiyva

Shops:
D:2 ?   D:10 !?*   D:12 (   Orc:1 [   Orc:2 :*[(   Shoals:3 !=?   Snake:2 ?:!
Vaults:1 (   Vaults:4 (   Depths:1 :=:

Portals:
Hell: Depths:1 Depths:2 Depths:3 Depths:4
Abyss: Depths:3 Depths:4
Pandemonium: Depths:2
Ziggurat: Depths:1

Annotations:
Crypt:3 1 runed translucent door, Goociwk's ghost, adept GrFi
Depths:4 7 runed translucent doors
Zot:2 4 transporters

#.##.#......##.# #.
#.##.#......##.# ##
#.##.#.)...###.#
#########.##.#)....###.#######
#.........##...#..###.........
#.##...##########.# #.......##
#.##...# ####.###.......#.
#.##...# ♣♣ß##..÷#.÷.....##
#...#### ♣@.'..#[...####)..
###.##### ♣♣ß######.># ####
#.....###♣♣### ##.#
#####.#......# #.# #.#......#
#.####### #........# #........
#####.#### ######### #.# #
###.# #


There were no monsters in sight!


Message History

Piercing cold boils outward!
The piercing cold hits the sun demon!!!
The sun demon is frozen!
You kill the sun demon!
The piercing cold hits the sun demon!!!
The sun demon is frozen!
The sun demon is almost dead.
A balrug comes into view. It is wielding a +0 demon whip.
Bitter cold erupts, blasting rock from the ceiling!
The mass of rock hits the sun demon!!!
You kill the sun demon!
Piercing cold boils outward!
The balrug gestures at you. Something smites you!
Unknown command.
You can't see any susceptible monsters within range! (Use Z to cast anyway.) Unknown command.
Bitter cold erupts, blasting rock from the ceiling!
The mass of rock hits the balrug!!
The balrug is moderately wounded.
Piercing cold boils outward!
The piercing cold hits the balrug!!
The balrug is frozen!
The balrug is severely wounded.
Bitter cold erupts, blasting rock from the ceiling!
The mass of rock hits the balrug!!
You kill the balrug!
Piercing cold boils outward!
Unknown command.
You see here a hobgoblin skeleton.
There is an open door here.
There is a staircase leading out of the dungeon here.
You have escaped!

Skill      XL: |  1  2  3  4  5  6  7  8  9 10 11 12 13 14 15 16 17 18 19 20 21 22 23 24 25 26 27 |
---------------+----------------------------------------------------------------------------------+-----
Fighting       | 1 2 3 4 6 7 9 11 13 14 16 17 19 20 21 22 | 22.6
Spellcasting   | 4 5 6 7 9 10 11 12 14 15 16 17 18 19 20 21 22 23 26 | 26.1
Conjurations   | 4 5 6 7 9 10 11 12 14 15 16 17 18 19 20 21 22 23 26 | 26.1
Hexes          | 4 5 6 7 9 10 11 12 14 15 16 17 18 19 20 21 22 23 26 | 26.1
Summonings     | 4 5 6 7 9 10 11 12 14 15 16 17 18 19 20 21 22 23 26 | 26.1
Necromancy     | 4 5 6 7 9 10 11 12 14 15 16 17 18 19 20 21 22 23 26 | 26.1
Translocations | 4 5 6 7 9 10 11 12 14 15 16 17 18 19 20 21 22 23 26 | 26.1
Fire Magic     | 4 5 6 7 9 10 11 12 14 15 16 17 18 19 20 21 22 23 26 | 26.1
Ice Magic      | 4 5 6 7 9 10 11 12 14 15 16 17 18 19 20 21 22 23 26 | 26.1
Air Magic      | 4 5 6 7 9 10 11 12 14 15 16 17 18 19 20 21 22 23 26 | 26.1
Earth Magic    | 4 5 6 7 9 10 11 12 14 15 16 17 18 19 20 21 22 23 26 | 26.1
Alchemy        | 4 5 6 7 9 10 11 12 14 15 16 17 18 19 20 21 22 23 26 | 26.1
Armour         | 3 6 9 10 | 10.0
Invocations    | 3 6 8 |  8.0
Dodging        | 4 7 10 13 15 18 19 20 22 26 | 26.9
Shields        | 3 7 10 12 | 12.0
Stealth        | |  1.5

Action                     |  1- 3 |  4- 6 |  7- 9 | 10-12 | 13-15 | 16-18 | 19-21 | 22-24 | 25-27 || total
---------------------------+-------+-------+-------+-------+-------+-------+-------+-------+-------++-------
  Melee: Unarmed           |     1 |     3 |     3 |       |       |       |       |       |       ||     7
         Long sword        |       |       |       |     7 |    16 |     1 |       |       |       ||    24
         Dagger            |       |       |       |       |       |       |     1 |     5 |     1 ||     7
   Cast: Foxfire           |   102 |   208 |   274 |     5 |    68 |    26 |     2 |       |       ||   685
         Inner Flame       |       |     1 |    24 |   168 |   272 |   240 |    63 |    47 |     8 ||   823
         Magic Dart        |       |     1 |       |       |       |       |       |       |     1 ||     2
         Ensorcelled Hiber |       |     1 |     3 |     2 |       |       |       |       |       ||     6
         Volatile Blastmot |       |     1 |       |       |       |       |       |       |       ||     1
         Tukima's Dance    |       |       |     1 |       |       |       |       |       |     1 ||     2
         Scorch            |       |       |    30 |   159 |   218 |    70 |    38 |    43 |     3 ||   561
         Lee's Rapid Decon |       |       |       |    76 |   169 |   237 |    95 |   289 |   164 ||  1030
         Flame Wave        |       |       |       |     3 |    10 |       |       |       |       ||    13
         Arcjolt           |       |       |       |       |    19 |     8 |     2 |     3 |       ||    32
         Summon Cactus Gia |       |       |       |       |     2 |     1 |     1 |     1 |    38 ||    43
         Permafrost Erupti |       |       |       |       |       |   168 |   435 |   432 |   764 ||  1799
         Spellforged Servi |       |       |       |       |       |       |     2 |       |    53 ||    55
         Lehudib's Crystal |       |       |       |       |       |       |       |       |   107 ||   107
    Use: Scroll            |       |     3 |    12 |    13 |     4 |     2 |     2 |     6 |    15 ||    57
         Potion            |       |       |     2 |       |       |     1 |     2 |     4 |     8 ||    17
 Armour: Robe              |    16 |    19 |    46 |    74 |       |       |       |       |       ||   155
         Leather armour    |       |       |       |    54 |   409 |   330 |   149 |   320 |   288 ||  1550
         Troll leather arm |       |       |       |    23 |       |       |       |       |       ||    23
  Dodge: Dodged            |    21 |    15 |    38 |    64 |   140 |    69 |   101 |   311 |   313 ||  1072
  Block: Kite shield       |       |       |       |       |       |       |       |    14 |   246 ||   260
         Reflection        |       |       |       |       |       |       |       |       |     5 ||     5

Levels and vault maps discovered:
D:1:      saegor_arrival_simple_b, layout_basic, basic_ecumenical_altar,
          minmay_octomino_c4
D:2:      layout_basic, serial_shops, nicolae_shop_rolled_up
D:3:      layout_basic, minmay_divided_ellipse
D:4:      layout_gridville, regret_index_temple_of_mockery,
          minmay_quadrilaterals, uniq_eustachio, uniq_sigmund
D:5:      layout_cave_pools, vehumet_statue, enter_ossuary_4, uniq_edmund
D:6:      layout_rooms, minmay_temple_entry_offerings, chequers_arboretum,
          uniq_maggie, uniq_pikel, uniq_prince_ribbit1
D:7:      old_forge, layout_loops_cross, lemuel_doored_altar
D:8:      layout_loops_ring, nicolae_overflow_two_pavilions,
          kennysheep_mini_moat, nicolae_have_a_lightning_rod, uniq_erica
D:9:      layout_irregular_city, mainiacjoe_overflow_surrounded_room,
          evilmike_ruin_ashenzari, mainiacjoe_overflow_catch_the_wave,
          grunt_ministairs_15, grunt_decor_fettered,
          eino_small_chamber_without_monster, minmay_misc_feat_nine_boxes
D:10:     layout_stronghold, mainiacjoe_overflow_paths, general_overflow_altar,
          nicolae_uskayaw_dance_hall, lemuel_coloured_pillars_altar,
          due_lair_maze_entry_diamond, serial_shops, nicolae_shop_waterfront,
          shop, nicolae_shop_drivethru, hex_large, grunt_potential, uniq_joseph,
          uniq_erolcha
D:11:     layout_roguey
D:12:     layout_rooms, minmay_orc_entry_temple_small, serial_shops,
          nicolae_shop_tiny_real_fake_doors, uniq_psyche
D:13:     layout_roguey, david_vaults_3, hangedman_parallel_progression,
          uniq_kirke
D:14:     layout_cave_pools, good_gods_temple_1, david_defended_altar_orc
D:15:     hellmonk_depths_entry_around_the_bend, layout_long_grid,
          small_statue_alley_a, hangedman_glass_teeth,
          minmay_checkered_concentric_circles, uniq_nessos
Temple:   nicolae_temple_great_sept
Lair:1:   layout_hall_layers, grunt_megastairs_1
Lair:2:   layout_loops_ring, minmay_shoals_entry_lonely_mermaid, basic_altar
Lair:3:   layout_cave_shapes, minmay_snake_entry_guardpost_small,
          gauntlet_entry_generic, beast_lair_carwin_2
Lair:4:   layout_regular_city, slime_entry_1
Lair:5:   hangedman_lair_tendril_chambers, layout_big_grid
Shoals:1: layout_shoals, st_cyclops
Shoals:2: argonaut_golden_fleece, layout_shoals,
          portal_ice_cave_entry_ice_simulacra
Shoals:3: layout_shoals, serial_shops, shop, nicolae_take_the_stairs,
          nicolae_shop_peninsula, nicolae_shoals_beach_house_on_fowls_legs
Shoals:4: shoals_end_hellmonk_storm_palace [storm_palace_center_circular,
          storm_palace_corner_narrow, storm_palace_corner_pillars,
          storm_palace_corner_altar, storm_palace_corner_altar], uniq_aizul
Snake:1:  layout_rooms, nicolae_snake_naga_rites, uniq_jorgrun
Snake:2:  layout_honeycomb, serial_shops, shop, minmay_shoptagon
Snake:3:  layout_honeycomb
Snake:4:  snake_pit, layout_layer_cave, nicolae_snake_horde_hoard
Slime:1:  layout_caves, nicolae_slime_barrier
Slime:2:  layout_caves
Slime:3:  layout_caves, nicolae_slime_round_cave
Slime:4:  layout_caves
Slime:5:  slime_pit_nicolae_royal_road_to_ruin
Orc:1:    layout_caves, serial_shops, shop
Orc:2:    st_orc_congregation, layout_caves, basic_altar, serial_shops,
          bzr_entry_water, bloody_makhleb
Elf:1:    elf_arrival_001, layout_loops_corners, basic_altar,
          minmay_elf_annihilation, minmay_elf_sorcery, lemuel_upstairs_altar
Elf:2:    nicolae_elf_blades_crystal_corner, layout_gridlike, serial_sigils,
          serial_sigils_hangedman_scratch, serial_sigils_hangedman_leer,
          serial_sigils_hangedman_confine, serial_sigils_hangedman_stare,
          nicolae_trove_entry_columns
Elf:3:    grunt_elf_hall_asides, layout_loops_corners, library_closet,
          moated_statue, dreamdust_deal_with_the_devil, guppyfry_elf_castle,
          uniq_norris
Vaults:1: gammafunk_ghost_smash, nicolae_vaults_lightning_bolt,
          nicolae_vaults_hallways_thing, ontoclasm_vaults_ring_small, v_misc_27,
          v_misc_8, v_misc_13, v_misc_22, v_pattern_1, v_misc_24,
          vaults_dpeg_spiral, vaults_standard_mumra_x,
          nicolae_vaults_trapezoid_2, nicolae_vaults_trapezoid_4,
          layout_vaults_omnibox, serial_shops, shop
Vaults:2: nicolae_vaults_network_quincunx
          [nicolae_vaults_network_quincunx_subvault,
          nicolae_vaults_network_quincunx_subvault,
          nicolae_vaults_network_quincunx_subvault,
          nicolae_vaults_network_quincunx_subvault,
          nicolae_vaults_network_quincunx_subvault], nicolae_vaults_octothorpe,
          vaults_mumra_lcd, ontoclasm_vaults_hangar, ontoclasm_vaults_shuriken,
          nicolae_vaults_network_periphery, grunt_vaults_diagonal,
          nicolae_vaults_specimen_jars, nicolae_vaults_border_crossing,
          nicolae_vaults_security_offices_5, layout_vaults_big_room, uniq_xtahua
Vaults:3: nicolae_vaults_twisting_passages, hangedman_vaults_stream,
          minmay_crypt_entry_simple_round, vaults_room_corners,
          vaults_dpeg_hooks, nicolae_vaults_more_shelving_1,
          vaults_dpeg_encased_lava, vaults_room_grid,
          nicolae_vaults_double_plus_1, nicolae_vaults_storage_room_statues,
          layout_vaults_omnigrid, uniq_jory
Vaults:4: nicolae_vaults_know_your_exits, nicolae_vaults_sesquioval_fish,
          ontoclasm_vaults_ring_large, nicolae_vaults_door_testing_chamber,
          nicolae_vaults_offset_grid_hallway_1, vaults_room_corners,
          nicolae_vaults_double_plus_2, v_misc_4,
          nicolae_vaults_trapezoid_lopsided_1, v_rooms_4,
          nicolae_vaults_closet_pinwheel_6, nicolae_vaults_little_squares_3,
          nicolae_vaults_apartment_1, vaults_room_pools, vaults_room_pool,
          nicolae_vaults_trapezoid_layered, layout_vaults_omnicross,
          serial_shops, shop, uniq_margery
Crypt:1:  layout_regular_city, basic_altar, minmay_guarded_unrand_zonguldrok,
          grunt_crypt_arrival_guarded_gate
Crypt:2:  dreamdust_cat_pyramid, layout_chaotic_city, columned_hall_lemuel,
          uniq_boris, uniq_josephina
Crypt:3:  david_glass_crypt, layout_chaotic_city, tomb_entry_forgotten_bobbens,
          ebering_ghost_reflecting_pool, grunt_megastairs_5
Depths:1: layout_roguey, enter_ziggurat_a, pf_hell_entry_tar_spiral,
          okawaru_ov_weapons_minmay, minmay_hollow_rounded_squares,
          minmay_shop_grove
Depths:2: evilmike_horseshoe, layout_gridlike, hangedman_abyss_or_decor_passed,
          hell_entry, grunt_pan_entry_spiral, uniq_nikola
Depths:3: minmay_swirls_squares, layout_cave_shapes, nicolae_two_hexagons,
          serial_column_ruins, column_ruins_hut, column_ruins_grid_1,
          column_ruins_grid_1, column_ruins_open_large,
          column_ruins_open_medium_water, column_ruins_grid_3,
          minmay_room_of_horrors, hell_entry
Depths:4: evilmike_zot_entry_castle, layout_gridlike,
          abyss_entry_small_statue_room, chequers_serial_rivers_small_a,
          hell_entry, minmay_acid_items, uniq_parghit
Zot:1:    ebering_greatest_show_in_zot, layout_basic, basic_altar
Zot:2:    layout_gridlike, regret_index_zotdec_decaying_vile,
          nicolae_diode_intersection
Zot:3:    layout_cathedral_of_symmetry, skrybe_zot_glass_3, grunt_megastairs_4
Zot:4:    layout_gridlike, regret_index_zotdec_banners
Zot:5:    layout_misc_corridors, lemuel_baited_zot_trap

Notes
Turn   | Place    | Note
-------+----------+-------------------------------------------
     0 | D:1      | cforsyth the Djinni Fire Elementalist began the quest for
                  | the Orb.
     0 | D:1      | cforsyth set off with the following spells memorised:
                  | Foxfire, Scorch, Volatile Blastmotes, Inner Flame, Flame
                  | Wave.
     0 | D:1      | Reached XP level 1. HP: 15/15 MP: 0/0
   112 | D:1      | Reached XP level 2. HP: 17/22 MP: 0/0
   153 | D:1      | Reached skill level 1 in Fighting
   435 | D:1      | Reached XP level 3. HP: 25/27 MP: 0/0
   435 | D:1      | Learned a level 1 spell: Magic Dart
   616 | D:1      | Found a faded altar of an unknown god.
   987 | D:1      | Reached skill level 2 in Fighting
  1235 | D:2      | Reached XP level 4. HP: 29/33 MP: 0/0
  1825 | D:2      | Found Esieskik's Magic Scroll Emporium.
  1828 | D:2      | Bought a scroll of identify for 22 gold pieces
  1828 | D:2      | Bought a scroll of blinking for 82 gold pieces
  2193 | D:3      | Reached XP level 5. HP: 15/40 MP: 0/0
  2193 | D:3      | Learned a level 2 spell: Ensorcelled Hibernation
  2393 | D:3      | Reached skill level 3 in Fighting
  2393 | D:3      | Reached skill level 4 in Spellcasting
  2393 | D:3      | Reached skill level 4 in Conjurations
  2393 | D:3      | Reached skill level 4 in Hexes
  2393 | D:3      | Reached skill level 4 in Summonings
  2393 | D:3      | Reached skill level 4 in Necromancy
  2393 | D:3      | Reached skill level 4 in Translocations
  2393 | D:3      | Reached skill level 4 in Fire Magic
  2393 | D:3      | Reached skill level 4 in Ice Magic
  2393 | D:3      | Reached skill level 4 in Air Magic
  2393 | D:3      | Reached skill level 4 in Earth Magic
  2393 | D:3      | Reached skill level 4 in Alchemy
  2946 | D:3      | Identified a scarf of resistance
  3333 | D:4      | Reached XP level 6. HP: 44/46 MP: 0/0
  3517 | D:4      | Reached skill level 4 in Fighting
  3670 | D:4      | Noticed a sky beast
  3680 | D:4      | Upgraded the game from 0.32-a0-868-g153ae1a8d6 to
                  | 0.32-a0-871-ge202e49faa
  3715 | D:4      | Killed a sky beast
  3716 | D:4      | Reached XP level 7. HP: 49/53 MP: 0/0
  3716 | D:4      | Learned a level 3 spell: Tukima's Dance
  3869 | D:4      | Noticed Eustachio
  3886 | D:4      | Killed Eustachio
  3887 | D:4      | Reached skill level 5 in Fighting
  3887 | D:4      | Reached skill level 5 in Spellcasting
  3887 | D:4      | Reached skill level 5 in Conjurations
  3887 | D:4      | Reached skill level 5 in Hexes
  3887 | D:4      | Reached skill level 5 in Summonings
  3887 | D:4      | Reached skill level 5 in Necromancy
  3887 | D:4      | Reached skill level 5 in Translocations
  3887 | D:4      | Reached skill level 5 in Fire Magic
  3887 | D:4      | Reached skill level 5 in Ice Magic
  3887 | D:4      | Reached skill level 5 in Air Magic
  3887 | D:4      | Reached skill level 5 in Earth Magic
  3887 | D:4      | Reached skill level 5 in Alchemy
  3932 | D:4      | Found a shimmering altar of Xom.
  3933 | D:4      | Found a hazy altar of Hepliaklqana.
  3934 | D:4      | Noticed a spectral ugly thing
  4164 | D:4      | Noticed Sigmund
  4171 | D:4      | Killed Sigmund
  4172 | D:4      | Reached skill level 6 in Fighting
  4172 | D:4      | Reached XP level 8. HP: 58/61 MP: 0/0
  4424 | D:5      | Entered Level 5 of the Dungeon
  4424 | D:5      | Noticed Edmund
  4431 | D:5      | Killed Edmund
  4521 | D:5      | Reached skill level 6 in Spellcasting
  4521 | D:5      | Reached skill level 6 in Conjurations
  4521 | D:5      | Reached skill level 6 in Hexes
  4521 | D:5      | Reached skill level 6 in Summonings
  4521 | D:5      | Reached skill level 6 in Necromancy
  4521 | D:5      | Reached skill level 6 in Translocations
  4521 | D:5      | Reached skill level 6 in Fire Magic
  4521 | D:5      | Reached skill level 6 in Ice Magic
  4521 | D:5      | Reached skill level 6 in Air Magic
  4521 | D:5      | Reached skill level 6 in Earth Magic
  4521 | D:5      | Reached skill level 6 in Alchemy
  4583 | D:5      | Found a sand-covered staircase.
  4621 | Ossuary  | Entered an ossuary
  4862 | Ossuary  | Reached skill level 7 in Fighting
  5101 | Ossuary  | Reached XP level 9. HP: 62/68 MP: 0/0
  5101 | Ossuary  | Learned a level 4 spell: Dimensional Bullseye
  5379 | D:5      | Reached skill level 8 in Fighting
  5675 | D:5      | Reached skill level 7 in Spellcasting
  5675 | D:5      | Reached skill level 7 in Conjurations
  5675 | D:5      | Reached skill level 7 in Hexes
  5675 | D:5      | Reached skill level 7 in Summonings
  5675 | D:5      | Reached skill level 7 in Necromancy
  5675 | D:5      | Reached skill level 7 in Translocations
  5675 | D:5      | Reached skill level 7 in Fire Magic
  5675 | D:5      | Reached skill level 7 in Ice Magic
  5675 | D:5      | Reached skill level 7 in Air Magic
  5675 | D:5      | Reached skill level 7 in Earth Magic
  5675 | D:5      | Reached skill level 7 in Alchemy
  6275 | D:6      | Noticed Pikel
  6296 | D:6      | Killed Pikel
  6297 | D:6      | Reached skill level 9 in Fighting
  6496 | D:6      | Found a staircase to the Ecumenical Temple.
  6504 | D:6      | Identified the +12 long sword of Brutal Revenge {freeze,
                  | rPois Dex+4}
  6513 | D:6      | Noticed Prince Ribbit
  6517 | D:6      | Killed Prince Ribbit
  6545 | D:6      | Noticed Maggie
  6548 | Temple   | Entered the Ecumenical Temple
  6634 | D:6      | Reached XP level 10. HP: 58/78 MP: 0/0
  6634 | D:6      | Killed Maggie
  6828 | D:6      | Reached skill level 8 in Spellcasting
  6828 | D:6      | Reached skill level 8 in Conjurations
  6828 | D:6      | Reached skill level 8 in Hexes
  6828 | D:6      | Reached skill level 8 in Summonings
  6828 | D:6      | Reached skill level 8 in Necromancy
  6828 | D:6      | Reached skill level 8 in Translocations
  6828 | D:6      | Reached skill level 8 in Fire Magic
  6828 | D:6      | Reached skill level 8 in Ice Magic
  6828 | D:6      | Reached skill level 8 in Air Magic
  6828 | D:6      | Reached skill level 8 in Earth Magic
  6828 | D:6      | Reached skill level 8 in Alchemy
  6934 | D:6      | You are sucked into a shaft and drop 1 floor!
  7014 | D:7      | Found a glowing silver altar of Zin.
  7113 | D:7      | Reached skill level 10 in Fighting
  8178 | Temple   | Became a worshipper of Elyvilon the Healer
  8632 | D:8      | Found a sacrificial altar of Ru.
  9035 | D:8      | Found an iron altar of Okawaru.
  9036 | D:8      | Found an ornate altar of the Wu Jian Council.
  9214 | D:8      | Noticed Erica
  9222 | D:8      | Killed Erica
  9223 | D:8      | Reached skill level 11 in Fighting
  9223 | D:8      | Reached skill level 9 in Spellcasting
  9223 | D:8      | Reached skill level 9 in Conjurations
  9223 | D:8      | Reached skill level 9 in Hexes
  9223 | D:8      | Reached skill level 9 in Summonings
  9223 | D:8      | Reached skill level 9 in Necromancy
  9223 | D:8      | Reached skill level 9 in Translocations
  9223 | D:8      | Reached skill level 9 in Fire Magic
  9223 | D:8      | Reached skill level 9 in Ice Magic
  9223 | D:8      | Reached skill level 9 in Air Magic
  9223 | D:8      | Reached skill level 9 in Earth Magic
  9223 | D:8      | Reached skill level 9 in Alchemy
  9573 | D:8      | Reached * piety under Elyvilon
  9641 | D:8      | Reached XP level 11. HP: 63/87 MP: 0/0
  9641 | D:8      | Learned a level 5 spell: Lee's Rapid Deconstruction
  9920 | D:8      | Identified 3 potions of resistance
 10397 | D:9      | Found a shadowy altar of Dithmenos.
 10541 | D:9      | Found a bloodstained altar of Trog.
 10838 | D:9      | Found a broken altar of Ashenzari.
 10848 | D:9      | Reached skill level 12 in Fighting
 11161 | D:9      | Reached ** piety under Elyvilon
 11351 | D:10     | Entered Level 10 of the Dungeon
 11877 | D:10     | Noticed Erolcha
 11880 | D:10     | Killed Erolcha
 11881 | D:10     | Reached skill level 10 in Spellcasting
 11881 | D:10     | Reached skill level 10 in Conjurations
 11881 | D:10     | Reached skill level 10 in Hexes
 11881 | D:10     | Reached skill level 10 in Summonings
 11881 | D:10     | Reached skill level 10 in Necromancy
 11881 | D:10     | Reached skill level 10 in Translocations
 11881 | D:10     | Reached skill level 10 in Fire Magic
 11881 | D:10     | Reached skill level 10 in Ice Magic
 11881 | D:10     | Reached skill level 10 in Air Magic
 11881 | D:10     | Reached skill level 10 in Earth Magic
 11881 | D:10     | Reached skill level 10 in Alchemy
 12128 | D:10     | Found a hide-covered altar of Uskayaw.
 12319 | D:10     | Found a snail-covered altar of Cheibriados.
 12419 | D:10     | Found a staircase to the Lair.
 12526 | D:10     | Found Con Zuo's Distillery.
 12606 | D:10     | Found a transporter.
 12611 | D:10     | Found Cygaug's General Store.
 12612 | D:10     | Found a sparkling altar of Nemelex Xobeh.
 12613 | D:10     | Found a transporter.
 12689 | D:10     | Noticed a catoblepas
 12945 | D:10     | Noticed Joseph
 12951 | D:10     | Killed Joseph
 13099 | D:10     | Killed a catoblepas
 13100 | D:10     | Reached skill level 13 in Fighting
 13141 | D:10     | Noticed a boulder beetle
 13209 | D:10     | Reached XP level 12. HP: 46/98 MP: 0/0
 13390 | D:10     | Killed a boulder beetle
 13677 | D:10     | Found Jaafun's Magic Scroll Boutique.
 13683 | D:10     | Bought 3 scrolls of identify for 72 gold pieces
 13704 | D:10     | Found a burning altar of Makhleb.
 14128 | D:11     | Reached *** piety under Elyvilon
 14651 | D:12     | Identified a scarf of resistance
 14658 | D:12     | Identified the +6 leather armour of the Playwright {rElec
                  | Regen+ Int-2}
 15126 | D:12     | Found Korchan's Antique Weapon Shoppe.
 15176 | D:12     | Reached skill level 11 in Spellcasting
 15176 | D:12     | Reached skill level 11 in Conjurations
 15176 | D:12     | Reached skill level 11 in Hexes
 15176 | D:12     | Reached skill level 11 in Summonings
 15176 | D:12     | Reached skill level 11 in Necromancy
 15176 | D:12     | Reached skill level 11 in Translocations
 15176 | D:12     | Reached skill level 11 in Fire Magic
 15176 | D:12     | Reached skill level 11 in Ice Magic
 15176 | D:12     | Reached skill level 11 in Air Magic
 15176 | D:12     | Reached skill level 11 in Earth Magic
 15176 | D:12     | Reached skill level 11 in Alchemy
 15180 | D:12     | Noticed Psyche
 15186 | D:12     | Killed Psyche
 15224 | D:12     | Reached skill level 14 in Fighting
 15402 | D:12     | Identified the ring "Keotyzak" {rPois Will+}
 15416 | D:12     | Found a staircase to the Orcish Mines.
 15440 | D:12     | Found a roughly hewn altar of Beogh.
 15618 | Lair:1   | Entered Level 1 of the Lair of Beasts
 15763 | Lair:1   | Reached **** piety under Elyvilon
 15818 | Lair:1   | Noticed a death yak
 15839 | Lair:1   | Noticed a death yak
 15839 | Lair:1   | Killed a death yak
 15845 | Lair:1   | Killed a death yak
 15846 | Lair:1   | Reached XP level 13. HP: 75/106 MP: 0/0
 15846 | Lair:1   | Learned a level 5 spell: Arcjolt
 16023 | Lair:1   | Identified the amulet "Bibefeoh" {Regen+ Int+5}
 16194 | Lair:1   | Reached skill level 15 in Fighting
 16438 | Lair:1   | Reached ***** piety under Elyvilon
 16533 | Lair:2   | Reached skill level 12 in Spellcasting
 16533 | Lair:2   | Reached skill level 12 in Conjurations
 16533 | Lair:2   | Reached skill level 12 in Hexes
 16533 | Lair:2   | Reached skill level 12 in Summonings
 16533 | Lair:2   | Reached skill level 12 in Necromancy
 16533 | Lair:2   | Reached skill level 12 in Translocations
 16533 | Lair:2   | Reached skill level 12 in Fire Magic
 16533 | Lair:2   | Reached skill level 12 in Ice Magic
 16533 | Lair:2   | Reached skill level 12 in Air Magic
 16533 | Lair:2   | Reached skill level 12 in Earth Magic
 16533 | Lair:2   | Reached skill level 12 in Alchemy
 16714 | Lair:2   | Found a staircase to the Shoals.
 16727 | Lair:2   | Found an ornate altar of the Wu Jian Council.
 17528 | Lair:3   | Found a gate leading to a gauntlet.
 17547 | Gauntlet | Entered a Gauntlet
 17547 | Gauntlet | Noticed a catoblepas
 17547 | Gauntlet | Found a transporter.
 17557 | Gauntlet | Found a runed translucent door.
 17560 | Gauntlet | Found a transporter.
 17562 | Gauntlet | Found a transporter.
 17563 | Gauntlet | Found a transporter.
 17571 | Gauntlet | Found a transporter.
 17574 | Gauntlet | Found a transporter.
 17575 | Gauntlet | Found a transporter.
 17585 | Gauntlet | Found a transporter.
 17587 | Gauntlet | Found a transporter.
 17587 | Gauntlet | Noticed a catoblepas
 17588 | Gauntlet | Found a transporter.
 17594 | Gauntlet | Noticed a quicksilver ooze
 17596 | Gauntlet | Found a transporter.
 17599 | Gauntlet | Found a transporter.
 17600 | Gauntlet | Found a transporter.
 17606 | Gauntlet | Found a runed translucent gate.
 17608 | Gauntlet | Found a runed translucent gate.
 17608 | Gauntlet | Found a transporter.
 17610 | Gauntlet | Found a runed translucent gate.
 17747 | Gauntlet | Killed a catoblepas
 17963 | Gauntlet | Identified the amulet "Duant" {Acrobat Rampage Dex+2}
 17972 | Gauntlet | Killed a catoblepas
 18030 | Gauntlet | Killed a quicksilver ooze
 18074 | Gauntlet | Reached skill level 16 in Fighting
 18226 | Gauntlet | Noticed a minotaur
 18239 | Gauntlet | Killed a minotaur
 18573 | Lair:3   | Noticed a six-headed hydra
 18586 | Lair:3   | Killed a six-headed hydra
 18595 | Lair:3   | Reached XP level 14. HP: 84/117 MP: 0/0
 18667 | Lair:3   | Reached skill level 13 in Spellcasting
 18667 | Lair:3   | Reached skill level 13 in Conjurations
 18667 | Lair:3   | Reached skill level 13 in Hexes
 18667 | Lair:3   | Reached skill level 13 in Summonings
 18667 | Lair:3   | Reached skill level 13 in Necromancy
 18667 | Lair:3   | Reached skill level 13 in Translocations
 18667 | Lair:3   | Reached skill level 13 in Fire Magic
 18667 | Lair:3   | Reached skill level 13 in Ice Magic
 18667 | Lair:3   | Reached skill level 13 in Air Magic
 18667 | Lair:3   | Reached skill level 13 in Earth Magic
 18667 | Lair:3   | Reached skill level 13 in Alchemy
 18746 | Lair:3   | Found a staircase to the Snake Pit.
 19650 | Lair:4   | Found a staircase to the Slime Pits.
 19651 | Lair:4   | Found a viscous altar of Jiyva.
 19828 | Lair:4   | Reached skill level 17 in Fighting
 20576 | Lair:5   | Entered Level 5 of the Lair of Beasts
 21018 | Lair:5   | Reached ****** piety under Elyvilon
 21262 | Lair:5   | Reached skill level 14 in Spellcasting
 21262 | Lair:5   | Reached skill level 14 in Conjurations
 21262 | Lair:5   | Reached skill level 14 in Hexes
 21262 | Lair:5   | Reached skill level 14 in Summonings
 21262 | Lair:5   | Reached skill level 14 in Necromancy
 21262 | Lair:5   | Reached skill level 14 in Translocations
 21262 | Lair:5   | Reached skill level 14 in Fire Magic
 21262 | Lair:5   | Reached skill level 14 in Ice Magic
 21262 | Lair:5   | Reached skill level 14 in Air Magic
 21262 | Lair:5   | Reached skill level 14 in Earth Magic
 21262 | Lair:5   | Reached skill level 14 in Alchemy
 21422 | Lair:5   | Reached XP level 15. HP: 118/126 MP: 0/0
 21422 | Lair:5   | Learned a level 6 spell: Summon Cactus Giant
 21491 | Lair:5   | Reached skill level 18 in Fighting
 22147 | Orc:1    | Entered Level 1 of the Orcish Mines
 22665 | Orc:1    | Found Utaluzov's Armour Shoppe.
 22780 | Orc:2    | Entered Level 2 of the Orcish Mines
 22780 | Orc:2    | Found a roughly hewn altar of Beogh.
 22813 | Orc:2    | Was placed under penance by Elyvilon
 22817 | Orc:2    | Found a flickering gateway to a bazaar.
 22833 | Bazaar   | Entered a bazaar
 22833 | Bazaar   | Found Ohejirgh's Weapon Shop.
 22833 | Bazaar   | Found Jytwoats's Jewellery Boutique.
 22833 | Bazaar   | Found Ogups's General Store.
 22833 | Bazaar   | Found Eruan's Distillery.
 22833 | Bazaar   | Found Diletaq's General Store.
 22889 | Bazaar   | Bought a scroll of teleportation for 42 gold pieces
 22889 | Bazaar   | Bought a scroll of teleportation for 42 gold pieces
 22891 | Bazaar   | Bought a potion of heal wounds for 40 gold pieces
 22891 | Bazaar   | Bought a potion of heal wounds for 40 gold pieces
 22891 | Bazaar   | Bought a potion of haste for 80 gold pieces
 22891 | Bazaar   | Bought a potion of curing for 24 gold pieces
 22891 | Bazaar   | Bought a potion of curing for 24 gold pieces
 22904 | Bazaar   | Bought a scroll of blinking for 120 gold pieces
 23418 | Orc:2    | Paralysed by an orc sorcerer for 3 turns
 23481 | Orc:2    | Noticed an orc warlord
 23490 | Orc:1    | Killed an orc warlord
 23748 | Orc:2    | Paralysed by an orc sorcerer for 5 turns
 24295 | Orc:2    | Found a burning altar of Makhleb.
 24358 | Orc:2    | Found a staircase to the Elven Halls.
 24465 | Orc:2    | Found Asinisal's Antique Armour Shoppe.
 24466 | Orc:2    | Found Sumpea's Antique Weapon Shoppe.
 24468 | Orc:2    | Found Gukhinas's General Store.
 24468 | Orc:2    | Found Xutrevi's Book Emporium.
 24584 | Orc:2    | Bought a scroll of summoning for 142 gold pieces
 24584 | Orc:2    | Bought a potion of haste for 150 gold pieces
 24593 | Orc:2    | Bought a shimmering hand axe for 168 gold pieces
 24593 | Orc:2    | Identified the +5 hand axe "Sarcophage" {protect, Dex+3}
                  | (You bought it in a shop on level 2 of the Orcish Mines)
 24668 | D:13     | Noticed Lodul
 24668 | D:13     | Noticed Kirke
 24668 | D:13     | Found a gate to the Vaults.
 24676 | D:13     | Reached skill level 19 in Fighting
 25066 | D:13     | Reached skill level 15 in Spellcasting
 25066 | D:13     | Reached skill level 15 in Conjurations
 25066 | D:13     | Reached skill level 15 in Hexes
 25066 | D:13     | Reached skill level 15 in Summonings
 25066 | D:13     | Reached skill level 15 in Necromancy
 25066 | D:13     | Reached skill level 15 in Translocations
 25066 | D:13     | Reached skill level 15 in Fire Magic
 25066 | D:13     | Reached skill level 15 in Ice Magic
 25066 | D:13     | Reached skill level 15 in Air Magic
 25066 | D:13     | Reached skill level 15 in Earth Magic
 25066 | D:13     | Reached skill level 15 in Alchemy
 25269 | D:13     | Killed Lodul
 25345 | D:13     | Killed Kirke
 25501 | D:13     | Reached XP level 16. HP: 70/135 MP: 0/0
 26777 | D:14     | Found a roughly hewn altar of Beogh.
 26792 | D:14     | Found a glowing golden altar of the Shining One.
 26794 | D:14     | Found a glowing silver altar of Zin.
 26796 | D:14     | Found a white marble altar of Elyvilon.
 26889 | D:15     | Entered Level 15 of the Dungeon
 26889 | D:15     | Noticed Nessos
 26893 | D:15     | Killed Nessos
 27050 | D:15     | Was forgiven by Elyvilon
 27310 | D:15     | Reached skill level 20 in Fighting
 27680 | D:15     | Noticed a fire giant
 27686 | D:15     | Killed a fire giant
 27720 | D:15     | Found a staircase to the Depths.
 27728 | D:15     | Reached skill level 16 in Spellcasting
 27728 | D:15     | Reached skill level 16 in Conjurations
 27728 | D:15     | Reached skill level 16 in Hexes
 27728 | D:15     | Reached skill level 16 in Summonings
 27728 | D:15     | Reached skill level 16 in Necromancy
 27728 | D:15     | Reached skill level 16 in Translocations
 27728 | D:15     | Reached skill level 16 in Fire Magic
 27728 | D:15     | Reached skill level 16 in Ice Magic
 27728 | D:15     | Reached skill level 16 in Air Magic
 27728 | D:15     | Reached skill level 16 in Earth Magic
 27728 | D:15     | Reached skill level 16 in Alchemy
 27939 | D:15     | Noticed a fire giant
 27948 | D:15     | Killed a fire giant
 28016 | D:15     | Identified the +3 broad axe of Sin {venom, *Rage Fly Will-
                  | Int+4}
 28293 | Snake:1  | Entered Level 1 of the Snake Pit
 28438 | Snake:1  | Noticed Jorgrun
 28445 | Snake:1  | Killed Jorgrun
 28640 | Snake:1  | Reached XP level 17. HP: 109/145 MP: 0/0
 28640 | Snake:1  | Learned a level 6 spell: Permafrost Eruption
 29211 | Snake:1  | Identified the +0 scale mail of the Scribe {Rampage Str+3}
 29265 | Snake:1  | Reached skill level 21 in Fighting
 29292 | Snake:1  | Identified the +5 chain mail of Devotion {rF+ rCorr}
 29532 | Snake:2  | Found Botip's Book Emporium.
 29541 | Snake:2  | Found Ideam's Magic Scroll Shoppe.
 29693 | Snake:2  | Identified the +1 kite shield of the Heavens {*Slow rElec
                  | rN+ Int+3}
 29817 | Snake:2  | Found Ishun's Distillery.
 30851 | Snake:3  | Reached skill level 17 in Spellcasting
 30851 | Snake:3  | Reached skill level 17 in Conjurations
 30851 | Snake:3  | Reached skill level 17 in Hexes
 30851 | Snake:3  | Reached skill level 17 in Summonings
 30851 | Snake:3  | Reached skill level 17 in Necromancy
 30851 | Snake:3  | Reached skill level 17 in Translocations
 30851 | Snake:3  | Reached skill level 17 in Fire Magic
 30851 | Snake:3  | Reached skill level 17 in Ice Magic
 30851 | Snake:3  | Reached skill level 17 in Air Magic
 30851 | Snake:3  | Reached skill level 17 in Earth Magic
 30851 | Snake:3  | Reached skill level 17 in Alchemy
 31490 | Snake:4  | Entered Level 4 of the Snake Pit
 31853 | Snake:4  | Reached XP level 18. HP: 119/155 MP: 0/0
 32030 | Snake:4  | Reached skill level 22 in Fighting
 32314 | Snake:4  | Got a serpentine rune of Zot
 32695 | Snake:4  | Found a runed translucent gate.
 32695 | Snake:4  | Found a runed translucent gate.
 32695 | Snake:4  | Found a runed translucent gate.
 33168 | Shoals:1 | Entered Level 1 of the Shoals
 33391 | Shoals:1 | Reached skill level 1 in Armour
 33391 | Shoals:1 | Reached skill level 1 in Invocations
 33499 | Shoals:1 | Reached skill level 3 in Dodging
 33908 | Shoals:1 | Reached skill level 2 in Armour
 33908 | Shoals:1 | Reached skill level 2 in Invocations
 34103 | Shoals:2 | Found a glacial archway.
 34170 | IceCv    | Entered an ice cave
 34188 | IceCv    | Reached skill level 4 in Dodging
 34223 | IceCv    | Reached skill level 3 in Armour
 34223 | IceCv    | Reached skill level 3 in Invocations
 34332 | IceCv    | Reached XP level 19. HP: 91/162 MP: 0/0
 34332 | IceCv    | Learned a level 7 spell: Spellforged Servitor
 34963 | Shoals:2 | Reached skill level 5 in Dodging
 34967 | Shoals:2 | Reached skill level 4 in Armour
 34967 | Shoals:2 | Reached skill level 4 in Invocations
 34970 | Shoals:2 | Reached skill level 18 in Spellcasting
 34970 | Shoals:2 | Reached skill level 18 in Conjurations
 34970 | Shoals:2 | Reached skill level 18 in Hexes
 34970 | Shoals:2 | Reached skill level 18 in Summonings
 34970 | Shoals:2 | Reached skill level 18 in Necromancy
 34970 | Shoals:2 | Reached skill level 18 in Translocations
 34970 | Shoals:2 | Reached skill level 18 in Fire Magic
 34970 | Shoals:2 | Reached skill level 18 in Ice Magic
 34970 | Shoals:2 | Reached skill level 18 in Air Magic
 34970 | Shoals:2 | Reached skill level 18 in Earth Magic
 34970 | Shoals:2 | Reached skill level 18 in Alchemy
 35639 | Shoals:3 | Found Xiloedos's Distillery.
 35655 | Shoals:3 | Found Loresius's Jewellery Boutique.
 35731 | Shoals:3 | Found Gaph's Magic Scroll Boutique.
 35739 | Shoals:3 | Bought a scroll of blinking for 90 gold pieces
 35807 | Shoals:3 | Reached skill level 6 in Dodging
 35820 | Shoals:3 | Reached skill level 5 in Armour
 35820 | Shoals:3 | Reached skill level 5 in Invocations
 36357 | Shoals:3 | Found the +8 demon trident "Rift" {distort, reach+}
 36509 | Shoals:4 | Entered Level 4 of the Shoals
 36777 | Shoals:4 | Found a stormy altar of Qazlal.
 36801 | Shoals:4 | Reached skill level 7 in Dodging
 36868 | Shoals:4 | Reached skill level 6 in Armour
 36868 | Shoals:4 | Reached skill level 6 in Invocations
 37093 | Shoals:4 | Identified the serpent talisman of Magic {rF++ Str-4}
 37093 | Shoals:4 | Noticed Aizul
 37116 | Shoals:4 | Killed Aizul
 37224 | Shoals:4 | Identified a +2 robe of resistance
 37228 | Shoals:4 | Noticed a titan
 37233 | Shoals:4 | Killed a titan
 37298 | Shoals:4 | Got a barnacled rune of Zot
 37299 | Shoals:4 | Identified the +5 demon trident of Baips {vamp, rElec rC++
                  | rCorr}
 37309 | Shoals:4 | Identified the +0 dagger "Koxzywig" {venom, ^Fragile rN++
                  | SInv}
 37434 | Shoals:4 | Reached XP level 20. HP: 161/169 MP: 0/0
 37457 | Shoals:4 | Found a stormy altar of Qazlal.
 37750 | Vaults:1 | Entered Level 1 of the Vaults
 37766 | Vaults:1 | Reached skill level 8 in Dodging
 37779 | Vaults:1 | Found Woho's Weapon Emporium.
 37821 | Vaults:1 | Reached skill level 7 in Armour
 37821 | Vaults:1 | Reached skill level 7 in Invocations
 38220 | Vaults:1 | Identified the +1 leather armour "Peole" {-Tele rN++ Regen+
                  | Dex+4}
 38318 | Vaults:1 | Found a transporter.
 38318 | Vaults:1 | Noticed Joextigh's ghost (veteran KoHu)
 38319 | Vaults:1 | Found a transporter.
 38481 | Vaults:1 | Reached skill level 9 in Dodging
 38683 | Vaults:1 | Identified the +4 ring mail of the Fiddle {rN+ Int+3}
 38882 | Vaults:2 | Reached skill level 8 in Armour
 38882 | Vaults:2 | Reached skill level 8 in Invocations
 38941 | Vaults:2 | Noticed Xtahua
 38945 | Vaults:2 | Killed Xtahua
 39369 | Vaults:2 | Reached skill level 10 in Dodging
 39583 | Vaults:2 | Elyvilon protects you from harm!
 39694 | Vaults:2 | Reached skill level 9 in Armour
 39955 | Vaults:2 | Reached XP level 21. HP: 167/175 MP: 0/0
 39955 | Vaults:2 | Learned a level 7 spell: Malign Gateway
 40402 | Vaults:3 | Noticed Jory
 40407 | Vaults:3 | Killed Jory
 40661 | Vaults:3 | Reached skill level 19 in Spellcasting
 40661 | Vaults:3 | Reached skill level 19 in Conjurations
 40661 | Vaults:3 | Reached skill level 19 in Hexes
 40661 | Vaults:3 | Reached skill level 19 in Summonings
 40661 | Vaults:3 | Reached skill level 19 in Necromancy
 40661 | Vaults:3 | Reached skill level 19 in Translocations
 40661 | Vaults:3 | Reached skill level 19 in Fire Magic
 40661 | Vaults:3 | Reached skill level 19 in Ice Magic
 40661 | Vaults:3 | Reached skill level 19 in Air Magic
 40661 | Vaults:3 | Reached skill level 19 in Earth Magic
 40661 | Vaults:3 | Reached skill level 19 in Alchemy
 40818 | Vaults:3 | Reached skill level 11 in Dodging
 40848 | Vaults:3 | Reached skill level 10 in Armour
 40914 | Vaults:3 | Found a staircase to the Crypt.
 40998 | Vaults:3 | Identified a +0 robe of resistance
 41430 | Vaults:4 | Reached skill level 12 in Dodging
 41682 | Vaults:4 | Reached skill level 13 in Dodging
 41953 | Vaults:4 | Reached XP level 22. HP: 145/182 MP: 0/0
 42292 | Vaults:4 | Found Liru's Weapon Emporium.
 42650 | Vaults:4 | Reached skill level 14 in Dodging
 43052 | Elf:1    | Entered Level 1 of the Elven Halls
 43093 | Elf:1    | Reached skill level 20 in Spellcasting
 43093 | Elf:1    | Reached skill level 20 in Conjurations
 43093 | Elf:1    | Reached skill level 20 in Hexes
 43093 | Elf:1    | Reached skill level 20 in Summonings
 43093 | Elf:1    | Reached skill level 20 in Necromancy
 43093 | Elf:1    | Reached skill level 20 in Translocations
 43093 | Elf:1    | Reached skill level 20 in Fire Magic
 43093 | Elf:1    | Reached skill level 20 in Ice Magic
 43093 | Elf:1    | Reached skill level 20 in Air Magic
 43093 | Elf:1    | Reached skill level 20 in Earth Magic
 43093 | Elf:1    | Reached skill level 20 in Alchemy
 43814 | Elf:1    | Identified the +7 orcbow "Laha" {freeze, rElec rPois}
 44146 | Elf:2    | Reached skill level 15 in Dodging
 44301 | Elf:2    | Found a runed translucent gate.
 44302 | Elf:2    | Found a runed translucent gate.
 44302 | Elf:2    | Found a runed translucent gate.
 44648 | Elf:2    | Found a portal to a secret trove of treasure.
 45003 | Elf:2    | You paid a toll of 3 scrolls of blinking to enter a
                  | treasure trove
 45004 | Trove    | Entered a treasure trove
 45012 | Trove    | Identified the ring "Bila" {rC- rN+ Int+5 Dex-2 Slay+4}
 45017 | Trove    | Identified the amulet of Foisobi {Faith rN+ Str+3 Stlth-}
 45019 | Trove    | Identified the ring of the Middle {Fly Stlth+}
 45023 | Trove    | Identified the ring of Coips {Wiz rN+ Int+4}
 45032 | Trove    | Identified the amulet of Gozag's Pride {Acrobat rF- Str+3
                  | Int+7}
 45033 | Trove    | Identified the amulet "Monorph" {Faith rC++ Int+2}
 45035 | Trove    | Identified the amulet of the Last Wonders {Faith rN+
                  | Stlth+}
 45038 | Trove    | Identified the ring of the Ladybird {Wiz rC+ Dex+4}
 45381 | Elf:2    | Reached XP level 23. HP: 50/188 MP: 0/0
 45381 | Elf:2    | Learned a level 7 spell: Enfeeble
 45473 | Elf:2    | Reached skill level 16 in Dodging
 45819 | Elf:3    | Entered Level 3 of the Elven Halls
 45966 | Elf:3    | Noticed Norris
 45973 | Elf:3    | Killed Norris
 46173 | Elf:3    | Found the +16 obsidian axe {drain, demonic, Mesm ^Drain Fly
                  | SInv}
 46693 | Elf:3    | Reached skill level 17 in Dodging
 46721 | Elf:3    | Reached skill level 21 in Spellcasting
 46721 | Elf:3    | Reached skill level 21 in Conjurations
 46721 | Elf:3    | Reached skill level 21 in Hexes
 46721 | Elf:3    | Reached skill level 21 in Summonings
 46721 | Elf:3    | Reached skill level 21 in Necromancy
 46721 | Elf:3    | Reached skill level 21 in Translocations
 46721 | Elf:3    | Reached skill level 21 in Fire Magic
 46721 | Elf:3    | Reached skill level 21 in Ice Magic
 46721 | Elf:3    | Reached skill level 21 in Air Magic
 46721 | Elf:3    | Reached skill level 21 in Earth Magic
 46721 | Elf:3    | Reached skill level 21 in Alchemy
 46936 | Elf:3    | Identified the +0 plate armour "Hiew" {rN+++ Str-4 Slay-5
                  | SInv}
 46943 | Elf:3    | Identified the +3 flail "Kaadej" {freeze, Dex+5}
 47147 | Elf:3    | Identified the +6 morningstar of Focus {flame, rElec Int+6
                  | Stlth+}
 47154 | Elf:3    | Identified the +0 scale mail of Zus Sefi {rPois rF+ Regen+
                  | Str-3}
 47165 | Elf:3    | Identified the +8 sling of Fortitude {heavy, ^Drain Fly rC+
                  | SInv}
 47572 | Crypt:1  | Entered Level 1 of the Crypt
 47618 | Crypt:1  | Reached skill level 1 in Shields
 48192 | Crypt:1  | Reached skill level 2 in Shields
 48482 | Crypt:1  | Reached skill level 3 in Shields
 48496 | Crypt:1  | Reached skill level 18 in Dodging
 48498 | Crypt:1  | Reached XP level 24. HP: 152/194 MP: 0/0
 49212 | Crypt:1  | Found the +9 sword of Zonguldrok {reap}
 49221 | Crypt:1  | Reached skill level 4 in Shields
 49991 | Crypt:2  | Identified the +3 robe of Good Intentions {rF- Slay+5
                  | Archmagi}
 49991 | Crypt:2  | Noticed Boris
 50085 | Crypt:2  | Reached skill level 5 in Shields
 50286 | Crypt:1  | Killed Boris
 50653 | Crypt:2  | Identified the ring "Siapp" {Ice rPois rN+++ MP-9 Dex-2}
 50653 | Crypt:2  | Noticed Josephina
 51028 | Crypt:2  | Killed Josephina
 51065 | Crypt:2  | Found the +3 greatsling "Punk" {acid, rCorr}
 52107 | Crypt:2  | Reached skill level 6 in Shields
 52508 | Crypt:3  | Entered Level 3 of the Crypt
 52900 | Crypt:3  | Found a staircase to the Tomb.
 52922 | Crypt:3  | Reached skill level 19 in Dodging
 52960 | Crypt:3  | Noticed an ancient lich
 53064 | Crypt:3  | Found a runed translucent door.
 53072 | Crypt:3  | Reached skill level 7 in Shields
 53105 | Crypt:3  | Identified the ring of Sechil {rN++ Int+6}
 53128 | Crypt:3  | Noticed a curse skull
 53130 | Crypt:3  | Killed a curse skull
 53135 | Crypt:3  | Identified the ring of Foolhardiness {rN++ AC+4 Dex+2}
 53378 | Crypt:3  | Killed an ancient lich
 53492 | Crypt:3  | Noticed a dread lich
 53497 | Crypt:3  | Killed a dread lich
 53513 | Crypt:3  | Noticed a dread lich
 53517 | Crypt:3  | Killed a dread lich
 53518 | Crypt:3  | Reached skill level 22 in Spellcasting
 53518 | Crypt:3  | Reached skill level 22 in Conjurations
 53518 | Crypt:3  | Reached skill level 22 in Hexes
 53518 | Crypt:3  | Reached skill level 22 in Summonings
 53518 | Crypt:3  | Reached skill level 22 in Necromancy
 53518 | Crypt:3  | Reached skill level 22 in Translocations
 53518 | Crypt:3  | Reached skill level 22 in Fire Magic
 53518 | Crypt:3  | Reached skill level 22 in Ice Magic
 53518 | Crypt:3  | Reached skill level 22 in Air Magic
 53518 | Crypt:3  | Reached skill level 22 in Earth Magic
 53518 | Crypt:3  | Reached skill level 22 in Alchemy
 53518 | Crypt:3  | Reached XP level 25. HP: 185/201 MP: 0/0
 53518 | Crypt:3  | Learned a level 8 spell: Lehudib's Crystal Spear
 53557 | Crypt:3  | Noticed Goociwk's ghost (adept GrFi)
 53617 | Crypt:3  | Identified the +8 fire dragon scales of True Grit {rPois
                  | rF++ rC- Int+6}
 53743 | Crypt:3  | Identified the ring of Nicun {Ice rCorr Int+2}
 54023 | Depths:1 | Entered Level 1 of the Depths
 54083 | Depths:1 | Found a gateway to Hell.
 54140 | Depths:1 | Found an iron altar of Okawaru.
 54171 | Depths:1 | Reached skill level 8 in Shields
 54310 | Depths:1 | Found Kown's Jewellery Emporium.
 54311 | Depths:1 | Found Vosihire's Book Boutique.
 54311 | Depths:1 | Found Xexkoroa's Book Boutique.
 54502 | Depths:1 | Found a one-way gateway to a ziggurat.
 54558 | Depths:1 | Identified the +11 great mace "Tormentor" {venom, Str+4}
 54570 | Depths:1 | Noticed a caustic shrike
 54576 | Depths:1 | Killed a caustic shrike
 54715 | Depths:1 | Reached skill level 9 in Shields
 54718 | Depths:1 | Noticed a juggernaut
 54721 | Depths:1 | Killed a juggernaut
 54837 | Depths:1 | Identified the ring "Qequchat" {rElec Will+++ Str-2 Int-3
                  | SInv}
 55036 | Depths:2 | Reached skill level 20 in Dodging
 55352 | Depths:2 | Identified the +4 robe of the Louse {Int+4}
 55352 | Depths:2 | Noticed Boris
 55359 | Depths:2 | Killed Boris
 55416 | Depths:2 | Reached skill level 10 in Shields
 55694 | Depths:2 | Noticed Nikola
 55702 | Depths:2 | Killed Nikola
 55891 | Depths:2 | Found a one-way gate leading to the halls of Pandemonium.
 56043 | Depths:3 | Noticed a caustic shrike
 56464 | Depths:3 | Killed a caustic shrike
 56760 | Depths:3 | Noticed a caustic shrike
 56802 | Depths:3 | Reached XP level 26. HP: 203/207 MP: 0/0
 56805 | Depths:3 | Noticed a juggernaut
 56817 | Depths:3 | Killed a juggernaut
 56931 | Depths:3 | Killed a caustic shrike
 56945 | Depths:3 | Reached skill level 11 in Shields
 57508 | Depths:3 | Reached skill level 21 in Dodging
 57518 | Depths:3 | Found a one-way gate to the infinite horrors of the Abyss.
 57531 | Depths:4 | Entered Level 4 of the Depths
 57531 | Depths:4 | Found a runed translucent door.
 57966 | Depths:4 | Reached skill level 12 in Shields
 57986 | Depths:4 | Reached skill level 23 in Spellcasting
 57986 | Depths:4 | Reached skill level 23 in Conjurations
 57986 | Depths:4 | Reached skill level 23 in Hexes
 57986 | Depths:4 | Reached skill level 23 in Summonings
 57986 | Depths:4 | Reached skill level 23 in Necromancy
 57986 | Depths:4 | Reached skill level 23 in Translocations
 57986 | Depths:4 | Reached skill level 23 in Fire Magic
 57986 | Depths:4 | Reached skill level 23 in Ice Magic
 57986 | Depths:4 | Reached skill level 23 in Air Magic
 57986 | Depths:4 | Reached skill level 23 in Earth Magic
 57986 | Depths:4 | Reached skill level 23 in Alchemy
 58032 | Depths:4 | Found a runed translucent door.
 58033 | Depths:4 | Found a runed translucent door.
 58033 | Depths:4 | Found a runed translucent door.
 58047 | Depths:4 | Found a gate to the Realm of Zot.
 58123 | Depths:4 | Found a runed translucent door.
 58151 | Depths:4 | Found a runed translucent door.
 58158 | Depths:4 | Found a runed translucent door.
 58567 | Depths:4 | Noticed Parghit
 58574 | Depths:4 | Killed Parghit
 59324 | Vaults:1 | Killed Joextigh's ghost
 59684 | Slime:1  | Entered Level 1 of the Pits of Slime
 59978 | Lair:4   | Reached skill level 22 in Dodging
 60757 | Slime:1  | Reached XP level 27. HP: 197/213 MP: 0/0
 60757 | Slime:1  | Learned a level 9 spell: Death's Door
 62526 | Slime:3  | Gained mutation: You are weak. (Str -2) [a shining eye]
 62903 | Slime:4  | Gained mutation: Armour fits poorly on your strangely
                  | shaped body. [a shining eye]
 63647 | Slime:5  | Entered Level 5 of the Pits of Slime
 64270 | Slime:5  | Reached skill level 23 in Dodging
 64875 | Slime:5  | Reached skill level 24 in Spellcasting
 64875 | Slime:5  | Reached skill level 24 in Conjurations
 64875 | Slime:5  | Reached skill level 24 in Hexes
 64875 | Slime:5  | Reached skill level 24 in Summonings
 64875 | Slime:5  | Reached skill level 24 in Necromancy
 64875 | Slime:5  | Reached skill level 24 in Translocations
 64875 | Slime:5  | Reached skill level 24 in Fire Magic
 64875 | Slime:5  | Reached skill level 24 in Ice Magic
 64875 | Slime:5  | Reached skill level 24 in Air Magic
 64875 | Slime:5  | Reached skill level 24 in Earth Magic
 64875 | Slime:5  | Reached skill level 24 in Alchemy
 64926 | Slime:5  | Noticed the Royal Jelly
 65049 | Slime:5  | Found a viscous altar of Jiyva.
 65054 | Slime:5  | Found the +7 lajatang of Order {silver, rMut}
 65239 | Slime:5  | Killed the Royal Jelly
 65239 | Slime:5  | Was placed under penance by Elyvilon
 65771 | Slime:5  | Identified a scroll of acquirement
 65777 | Slime:5  | Identified the scarf of Uzukk {shadows, Int+7}
 65832 | Slime:5  | Got a slimy rune of Zot
 65833 | Slime:5  | Identified the +0 hand axe of Evisceration {flame, Int+3}
 65834 | Slime:5  | Identified the +1 robe of Tortelloni {Str+3 Int+3}
 65837 | Slime:5  | Identified the +6 rapier "Jellybane" {speed, rElec}
 65848 | Slime:5  | Identified the +3 ring mail "Buloaful" {Fly rCorr}
 65870 | Slime:5  | Identified the +8 shortbow of the Countless People {drain,
                  | rC+ Stlth+}
 65871 | Slime:5  | Identified the +4 ring mail "Dotan" {+Inv rF+ Will- Str+2}
 66562 | Zot:1    | Entered Level 1 of the Realm of Zot
 66700 | Depths:4 | Acquired 425 gold pieces
 66723 | Zot:1    | Noticed an electric golem
 66728 | Zot:1    | Noticed an ancient lich
 66729 | Zot:1    | Killed an electric golem
 66737 | Zot:1    | Killed an ancient lich
 66763 | Zot:1    | Noticed an electric golem
 66767 | Zot:1    | Killed an electric golem
 66937 | Zot:1    | Noticed an orb of fire
 66944 | Zot:1    | Killed an orb of fire
 67227 | Zot:1    | Found a broken altar of Ashenzari.
 67244 | Zot:1    | Reached skill level 24 in Dodging
 67834 | Zot:2    | Was forgiven by Elyvilon
 67887 | Zot:2    | Found a transporter.
 67891 | Zot:2    | Found a transporter.
 67891 | Zot:2    | Found a transporter.
 67910 | Zot:2    | Identified the +8 falchion of Boukk {venom, Str+2 Int+3}
 67977 | Zot:2    | Noticed a curse toe
 67984 | Zot:2    | Killed a curse toe
 68095 | Zot:2    | Noticed an electric golem
 68117 | Zot:2    | Killed an electric golem
 68423 | Zot:2    | Found a transporter.
 69927 | Zot:3    | Noticed an electric golem
 69934 | Zot:3    | Killed an electric golem
 70876 | Zot:4    | Reached skill level 25 in Dodging
 70908 | Zot:4    | Noticed a Killer Klown
 70919 | Zot:4    | Killed a Killer Klown
 70923 | Zot:4    | Reached skill level 25 in Spellcasting
 70923 | Zot:4    | Reached skill level 25 in Conjurations
 70923 | Zot:4    | Reached skill level 25 in Hexes
 70923 | Zot:4    | Reached skill level 25 in Summonings
 70923 | Zot:4    | Reached skill level 25 in Necromancy
 70923 | Zot:4    | Reached skill level 25 in Translocations
 70923 | Zot:4    | Reached skill level 25 in Fire Magic
 70923 | Zot:4    | Reached skill level 25 in Ice Magic
 70923 | Zot:4    | Reached skill level 25 in Air Magic
 70923 | Zot:4    | Reached skill level 25 in Earth Magic
 70923 | Zot:4    | Reached skill level 25 in Alchemy
 71013 | Zot:4    | Identified the +10 trident of the Secret Olives {flame, rC+
                  | Str+4 Dex-4 Stlth+}
 71640 | Zot:5    | Entered Level 5 of the Realm of Zot
 71640 | Zot:5    | Noticed a curse toe
 71644 | Zot:5    | Killed a curse toe
 71855 | Zot:5    | Noticed a curse toe
 71860 | Zot:5    | Killed a curse toe
 72155 | Zot:5    | Noticed an electric golem
 72267 | Zot:5    | Noticed a Killer Klown
 72275 | Zot:5    | Killed a Killer Klown
 72409 | Zot:5    | Noticed a Killer Klown
 72413 | Zot:5    | Killed a Killer Klown
 72447 | Zot:5    | Noticed an orb of fire
 72454 | Zot:5    | Killed an orb of fire
 72456 | Zot:5    | Noticed an orb of fire
 72463 | Zot:5    | Killed an orb of fire
 72472 | Zot:5    | Noticed a Killer Klown
 72478 | Zot:5    | Killed a Killer Klown
 72485 | Zot:5    | Noticed a dread lich
 72488 | Zot:5    | Killed a dread lich
 72548 | Zot:5    | Noticed a Killer Klown
 72551 | Zot:5    | Killed a Killer Klown
 72553 | Zot:5    | Noticed a dread lich
 72568 | Zot:5    | Noticed an orb of fire
 72587 | Zot:5    | Killed an orb of fire
 72588 | Zot:5    | Reached skill level 26 in Dodging
 72588 | Zot:5    | Killed a dread lich
 72649 | Zot:5    | Noticed an electric golem
 72655 | Zot:5    | Killed an electric golem
 72677 | Zot:5    | Noticed an orb of fire
 72680 | Zot:5    | Gained mutation: Your spells are a little easier to cast,
                  | but a little less powerful. [an orb of fire]
 72680 | Zot:5    | Noticed a Killer Klown
 72681 | Zot:5    | Killed an orb of fire
 72684 | Zot:5    | Noticed a Killer Klown
 72688 | Zot:5    | Killed a Killer Klown
 72693 | Zot:5    | Killed a Killer Klown
 72878 | Zot:5    | Noticed a Killer Klown
 72881 | Zot:5    | Killed a Killer Klown
 72888 | Zot:5    | Noticed a Killer Klown
 72892 | Zot:5    | Killed a Killer Klown
 72953 | Zot:5    | Noticed an orb of fire
 73223 | Zot:5    | Noticed an ancient lich
 73229 | Zot:5    | Killed an ancient lich
 73280 | Zot:5    | Killed an electric golem
 73307 | Zot:5    | Noticed a Killer Klown
 73312 | Zot:5    | Killed a Killer Klown
 73317 | Zot:5    | Gained mutation: You are dopey. (Int -2) [an orb of fire]
 73322 | Zot:5    | Killed an orb of fire
 73408 | Zot:5    | Reached skill level 26 in Spellcasting
 73408 | Zot:5    | Reached skill level 26 in Conjurations
 73408 | Zot:5    | Reached skill level 26 in Hexes
 73408 | Zot:5    | Reached skill level 26 in Summonings
 73408 | Zot:5    | Reached skill level 26 in Necromancy
 73408 | Zot:5    | Reached skill level 26 in Translocations
 73408 | Zot:5    | Reached skill level 26 in Fire Magic
 73408 | Zot:5    | Reached skill level 26 in Ice Magic
 73408 | Zot:5    | Reached skill level 26 in Air Magic
 73408 | Zot:5    | Reached skill level 26 in Earth Magic
 73408 | Zot:5    | Reached skill level 26 in Alchemy
 73693 | Zot:5    | Got the Orb of Zot
 74092 | D:12     | Noticed Vifiqum the pandemonium lord
 74245 | D:5      | Gained mutation: You are very weak. (Str -4) [a cacodemon]
 74311 | D:$      | Escaped with the Orb!

Vanquished Creatures
  the Royal Jelly (Slime:5)
  3 dread liches
  5 orbs of fire (Zot:5)
  3 ancient liches
  A juggernaut (Depths:1)
  Xtahua (Vaults:2)
  Josephina (Crypt:2)
  Boris (Depths:2)
  Parghit (Depths:4)
  3 curse toes
  10 Killer Klowns
  A caustic shrike (Depths:1)
  Nikola (Depths:2)
  2 golden dragons
  Jory (Vaults:3)
  Norris (Elf:3)
  4 bone dragons
  6 electric golems
  15 tentacled monstrosities
  3 liches
  Jorgrun (Snake:1)
  25 Orb Guardians
  2 deep elf master archers (Elf:3)
  A walking divine tome (Depths:1)
  6 quicksilver dragons
  4 deep elf blademasters
  23 acid blobs
  A titan (Shoals:4)
  9 sphinxes
  Kirke (D:13)
  6 death cobs
  7 ancient champions
  3 tengu reavers
  2 krakens
  5 shadow dragons
  14 storm dragons
  3 nagarajas (Snake:4)
  A revenant (Crypt:3)
  2 draconian monks (Zot:1)
  2 draconian knights
  5 deep elf sorcerers
  A fenstrider witch (Shoals:3)
  6 frost giants
  7 fire giants
  Aizul (Shoals:4)
  3 draconian shifters
  11 rockslimes
  5 protean progenitors
  11 azure jellies
  2 balrugs
  An iron dragon (Depths:4)
  4 ghost moths
  8 vault wardens
  A curse skull (Crypt:3)
  4 draconian scorchers
  2 reapers (IceCv)
  7 ghouls
  7 deep elf elementalists (Elf:3)
  An orc warlord (Orc:1)
  4 spriggan defenders
  19 very ugly things
  A cacodemon (D:8)
  2 draconian annihilators
  3 draconian stormcallers
  12 quicksilver oozes
  2 stone giants
  5 formless jellyfish
  7 ironbound thunderhulks
  20 ironbound preservers
  Nessos (D:15)
  7 deep elf demonologists
  8 deep elf death magi
  8 black draconians
  11 vampire knights
  6 deep elf annihilators
  8 green draconians
  5 yellow draconians
  4 grey draconians (Zot:1)
  A minotaur (Gauntlet)
  9 white draconians
  5 spark wasps
  7 eidola
  5 purple draconians
  A war gargoyle (Vaults:2)
  12 red draconians
  11 fire dragons
  8 ettins
  A fire dragon (shapeshifter) (Depths:2)
  A jiangshi (Crypt:1)
  8 merfolk javelineers
  2 deep elf high priests (Elf:3)
  12 yaktaur captains
  8 merfolk impalers
  A fenstrider witch zombie (Crypt:1)
  4 hydras
  2 peacekeepers
  An entropy weaver (Vaults:1)
  4 rakshasas
  3 salamander tyrants (Snake:4)
  7 vault guards
  8 great orbs of eyes
  5 caustic shrike simulacra
  A fenstrider witch skeleton (Crypt:3)
  Erolcha (D:10)
  4 catoblepae
  A jorogumo (Zot:5)
  A juggernaut simulacrum (Crypt:2)
  Erica (D:8)
  3 spriggan air magi
  8 ironbound frosthearts
  4 merfolk avatars
  3 death knights
  2 ogre magi (D:15)
  9 ice dragons
  An alligator snapping turtle (Shoals:4)
  7 boulder beetles
  26 dancing weapons
  10 centaur warriors
  A boulder beetle (shapeshifter) (D:15)
  6 two-headed ogres (D:15)
  3 merfolk aquamancers (Shoals:4)
  13 anacondas
  A satyr (Shoals:2)
  2 sphinx skeletons
  A spriggan skeleton (Crypt:3)
  9 deep troll shamans
  7 tengu warriors
  2 vampire magi
  2 demonic crawlers (D:13)
  5 deep troll earth magi
  9 shock serpents
  5 sun demons
  2 death yaks (Lair:1)
  10 naga warriors
  An occultist (D:15)
  7 orc high priests
  3 spriggans
  6 naga sharpshooters
  8 spriggan berserkers
  22 deep elf knights
  A storm dragon zombie (Depths:2)
  2 soul eaters
  3 salamander mystics
  4 iron trolls
  2 sixfirhies
  Lodul (D:13)
  An anaconda zombie (Crypt:2)
  7 skysharks
  32 skeletal warriors
  8 mana vipers
  A storm dragon skeleton (Depths:2)
  A shadow demon (Depths:2)
  8 arcanists
  4 sea snakes
  A bunyip skeleton (Crypt:1)
  68 deep trolls
  8 deep elf archers
  3 flayed ghosts (Crypt:3)
  29 harpies
  4 spriggan simulacra
  11 naga ritualists
  4 glowing orange brains
  5 bog bodies
  An iron dragon zombie (Crypt:1)
  Pikel (D:6)
  10 ironbound convokers
  36 deep elf zephyrmancers
  5 phantasmal warriors
  2 obsidian statues (IceCv)
  4 necromancers
  11 thermic dynamos
  6 orc knights
  12 cyclopes
  32 deep elf pyromancers
  5 orc sorcerers
  A wolf spider (Lair:5)
  37 ugly things
  4 large abominations (Depths:3)
  A stone giant zombie (Vaults:4)
  10 fauns
  10 shining eyes
  A fire giant zombie (Crypt:1)
  14 manticores
  2 wolf spider zombies (Crypt:1)
  19 salamanders
  23 moths of wrath
  A fire giant skeleton (Depths:2)
  An alligator skeleton (Crypt:1)
  3 guardian serpents
  4 merfolk sirens
  9 vault sentinels
  5 elephants (Lair:5)
  3 torpor snails (shapeshifter)
  46 black mambas
  A kobold blastminer (Orc:1)
  A stone giant skeleton (Vaults:4)
  22 naga magi
  Joseph (D:10)
  13 water nymphs
  3 eyes of devastation
  3 gargoyles (Gauntlet)
  A torpor snail (Lair:1)
  6 unseen horrors
  A hellion (D:1)
  A yaktaur zombie (Vaults:4)
  A steelbarb worm zombie (Crypt:2)
  25 cane toads
  A cane toad (shapeshifter) (D:13)
  A rime drake (shapeshifter) (D:13)
  An orange demon (D:8)
  Maggie (D:6)
  3 kobold demonologists
  7 rime drakes
  A bunyip simulacrum (Crypt:2)
  2 efreet (D:14)
  44 yaktaurs
  3 komodo dragons
  8 centaur skeletons (Crypt:1)
  2 tengu conjurers (Depths:3)
  A golden dragon simulacrum (IceCv)
  10 freezing wraiths
  12 trolls
  2 anaconda simulacra (IceCv)
  Psyche (D:12)
  A guardian mummy (Crypt:1)
  A sea snake skeleton (Crypt:1)
  A tyrant leech (Gauntlet)
  15 merfolk
  2 polar bears (Lair:1)
  A tarantella (Vaults:1)
  An alligator simulacrum (Shoals:2)
  A raiju (shapeshifter) (Elf:1)
  A wind drake (shapeshifter) (Elf:2)
  9 wind drakes
  3 harpy skeletons
  A tyrant leech (shapeshifter) (Depths:3)
  7 glass eyes
  9 hornets
  A tarantella zombie (Crypt:1)
  Prince Ribbit (D:6)
  12 blink frogs
  A stone giant simulacrum (Crypt:2)
  2 raiju (D:8)
  6 snapping turtles (Shoals:4)
  A guardian serpent zombie (Crypt:1)
  4 dream sheep (Lair:3)
  95 slime creatures
  Sigmund (D:4)
  A culicivora (Vaults:1)
  2 shadows
  A vampire (D:11)
  26 yaks
  13 wyverns
  8 wraiths
  3 basilisks
  A fire bat (D:13)
  17 water elementals
  9 air elementals
  8 small abominations (Depths:3)
  17 humans (D:13)
  Eustachio (D:4)
  2 fire elementals
  17 golden eyes
  5 wargs
  A yak (shapeshifter) (D:15)
  A black mamba skeleton (Crypt:2)
  A redback (Vaults:1)
  6 vampire mosquitoes
  A glowing shapeshifter zombie (Depths:2)
  3 minotaur simulacra
  2 chaos spawn (Depths:3)
  A wind drake skeleton (Crypt:3)
  3 swamp worms (Gauntlet)
  4 harpy simulacra
  41 nagas
  A water nymph zombie (Crypt:2)
  32 water moccasins
  5 hydra simulacra (IceCv)
  A glowing shapeshifter skeleton (Vaults:4)
  A two-headed ogre skeleton (Crypt:3)
  An ettin simulacrum (Crypt:2)
  48 orc warriors
  A sky beast (D:4)
  3 black bears
  31 laughing skulls
  8 ogres
  6 wolves (Lair:1)
  6 centaurs
  A dream sheep skeleton (Crypt:3)
  3 lemures (D:6)
  4 phantoms
  3 kobold brigands
  16 bullfrogs
  15 scorpions
  2 earth elementals
  4 wights (D:8)
  3 deep troll simulacra
  A shapeshifter zombie (Crypt:3)
  A spriggan zombie (Crypt:3)
  A lindwurm simulacrum (Shoals:2)
  15 killer bees
  3 howler monkeys
  2 vampire bats (D:13)
  4 electric eels (D:8)
  A black bear zombie (Crypt:1)
  12 centaur zombies
  2 wolf skeletons (Crypt:2)
  27 orc priests
  A gnoll bouda (D:8)
  3 human zombies (Crypt:1)
  A jelly (D:4)
  7 hounds
  3 human skeletons
  7 iguanas
  A scorpion zombie (Ossuary)
  A sleepcap (D:7)
  27 orc wizards
  6 hell rats
  A statue (D:5)
  A sky beast zombie (Crypt:3)
  7 mummies
  13 adders
  8 gnolls
  4 river rats (D:13)
  6 ufetubi
  3 adder zombies (Ossuary)
  An iguana zombie (Crypt:2)
  5 dart slugs
  2 ribbon worms
  115 orcs
  10 ball pythons
  15 bats
  A bat skeleton (Crypt:3)
  A bat zombie (Crypt:2)
  11 endoplasms
  10 giant cockroaches
  13 goblins
  11 hobgoblins
  3 jackals (D:5)
  18 kobolds
  2 quokkas
  3 ball python zombies (Ossuary)
  5 frilled lizards
  3 gnoll zombies (Ossuary)
  A jackal zombie (Ossuary)
  5 orc zombies (Ossuary)
  A quokka zombie (D:5)
  14 rats
  A rat zombie (D:5)
  2 aspiring fleshes
  A tentacle (Shoals:2)
2431 creatures vanquished.

Vanquished Creatures (collateral kills)
  A dread lich (Zot:5)
  An orb of fire (Zot:1)
  A juggernaut (Depths:3)
  Boris (Crypt:1)
  The ghost of Joextigh the Crack Shot, a veteran KoHu of Okawaru (Vaults:1)
  2 caustic shrikes (Depths:3)
  2 tentacled monstrosities (Zot:5)
  2 Orb Guardians (Zot:5)
  A titan (Depths:3)
  6 acid blobs
  A sphinx (Depths:3)
  4 storm dragons
  4 azure jellies
  3 rockslimes
  A draconian monk (Zot:1)
  A draconian knight (Zot:5)
  A frost giant (Vaults:1)
  A draconian shifter (Zot:2)
  A quicksilver ooze (Slime:2)
  4 very ugly things (Depths:3)
  A green draconian (Zot:2)
  A grey draconian (Zot:1)
  4 spark wasps (Depths:3)
  An ice dragon (Depths:3)
  2 anacondas (Snake:4)
  A deep troll shaman (Depths:4)
  A deep troll earth mage (Depths:3)
  A spriggan berserker (Depths:1)
  A shock serpent (Snake:4)
  A deep troll (Depths:3)
  2 iron trolls
  A mana viper (Snake:4)
  An ugly thing (Depths:1)
  2 moths of wrath
  15 slime creatures
  Edmund (D:5)
  An orc (Orc:2)
  An aspiring flesh (Zot:5)
77 creatures vanquished.

Vanquished Creatures (others)
  A frost giant (Vaults:1)
  A blizzard demon (D:12)
  A flayed ghost (Crypt:1)
  A slime creature (Lair:4)
  A human (D:13)
  A vampire bat (D:13)
  An orc (Orc:2)
  2 bats (D:13)
  1223 foxfires
  7 tentacles (Shoals:2)
1239 creatures vanquished.

Grand Total: 3747 creatures vanquished

Table legend: (Time is in decaauts)
 A = Elapsed time spent in this place.
 B = Non-inter-level travel time spent in this place.
 C = Inter-level travel time spent in this place.
 D = Time resting spent in this place.
 E = Time spent auto-exploring this place.
 F = Levels seen in this place.
 G = Mean time per level.
                   A        B        C        D        E       F      G
               +--------+--------+--------+--------+--------+-----+--------+
         Total |  74498 |  68916 |   5582 |  16574 |  39140 |  60 | 1241.6 |
       Dungeon |  19592 |  18218 |   1374 |   5072 |  10010 |  15 | 1306.1 |
        Temple |    191 |    171 |     20 |    163 |      0 |   1 |  191.0 |
          Lair |   6466 |   5781 |    685 |    971 |   3617 |   5 | 1293.2 |
        Shoals |   3840 |   3655 |    185 |    331 |   2759 |   4 |  960.0 |
     Snake Pit |   5113 |   4719 |    394 |    533 |   3463 |   4 | 1278.2 |
    Slime Pits |   6135 |   5948 |    187 |   2872 |   2014 |   5 | 1227.0 |
  Orcish Mines |   2287 |   2157 |    130 |    963 |    596 |   2 | 1143.5 |
   Elven Halls |   4275 |   3900 |    375 |    312 |   2856 |   3 | 1425.0 |
        Vaults |   6574 |   5742 |    832 |    886 |   3886 |   4 | 1643.5 |
         Crypt |   5263 |   4975 |    288 |   1742 |   2030 |   3 | 1754.3 |
        Depths |   5360 |   4602 |    758 |    271 |   3305 |   4 | 1340.0 |
           Zot |   7131 |   6783 |    348 |   1591 |   3896 |   5 | 1426.2 |
        Bazaar |     84 |     84 |      0 |      6 |     54 |   1 |   84.0 |
         Trove |     69 |     69 |      0 |      0 |      1 |   1 |   69.0 |
       Ossuary |    680 |    680 |      0 |    117 |    327 |   1 |  680.0 |
      Ice Cave |    647 |    647 |      0 |    340 |    167 |   1 |  647.0 |
      Gauntlet |    782 |    782 |      0 |    404 |    158 |   1 |  782.0 |
               +--------+--------+--------+--------+--------+-----+--------+

Top non-repeatable levels by time:
 Crypt:1: 2826 daAuts
     D:9: 2145 daAuts
    D:10: 2090 daAuts
 Slime:5: 2073 daAuts
   Zot:5: 2073 daAuts
Vaults:1: 1806 daAuts
    D:13: 1741 daAuts
   Elf:2: 1703 daAuts
Vaults:2: 1681 daAuts
  Lair:4: 1624 daAuts
   Zot:3: 1618 daAuts
     D:8: 1608 daAuts
Depths:4: 1591 daAuts
Vaults:3: 1588 daAuts
 Snake:4: 1577 daAuts

Table legend:
 A = Non-vault XP
 B = Vault XP
 C = Vault XP percentage of total XP
 D = Non-vault monster count
 E = Vault monster count
 F = Vault count percentage of total count
                 A         B        C        D         E       F
            +---------+---------+-------+---------+---------+-------
      Total |  792793 |  671142 |  45.8 |    1506 |     964 |  39.0
            +---------+---------+-------+---------+---------+-------
        D:1 |      51 |      14 |  21.5 |      30 |       7 |  18.9
        D:2 |      66 |       0 |   0.0 |      17 |       0 |   0.0
        D:3 |      69 |      65 |  48.5 |      20 |      13 |  39.4
        D:4 |     389 |     605 |  60.9 |      13 |       7 |  35.0
        D:5 |     709 |     200 |  22.0 |      20 |       4 |  16.7
        D:6 |     283 |    1277 |  81.9 |       8 |       3 |  27.3
        D:7 |     907 |     291 |  24.3 |      20 |       7 |  25.9
        D:8 |    1530 |    1477 |  49.1 |      28 |       5 |  15.2
        D:9 |    1901 |     522 |  21.5 |      17 |      11 |  39.3
       D:10 |    2126 |    4368 |  67.3 |      21 |      27 |  56.2
       D:11 |    2121 |       0 |   0.0 |      16 |       0 |   0.0
       D:12 |    2955 |     873 |  22.8 |      12 |      13 |  52.0
       D:13 |    4453 |   11583 |  72.2 |      14 |      65 |  82.3
       D:14 |    6978 |     126 |   1.8 |      17 |       3 |  15.0
       D:15 |   14851 |    9805 |  39.8 |      35 |      14 |  28.6
     Lair:1 |    6496 |     393 |   5.7 |      23 |       2 |   8.0
     Lair:2 |    4346 |     466 |   9.7 |      17 |       1 |   5.6
     Lair:3 |    7223 |    1073 |  12.9 |      20 |       6 |  23.1
     Lair:4 |   19499 |       0 |   0.0 |      52 |       0 |   0.0
     Lair:5 |   10369 |   11471 |  52.5 |      28 |      40 |  58.8
   Shoals:1 |    6220 |    4233 |  40.5 |      10 |       8 |  44.4
   Shoals:2 |   14331 |    4071 |  22.1 |      27 |      10 |  27.0
   Shoals:3 |   17963 |    1302 |   6.8 |      29 |       1 |   3.3
   Shoals:4 |    5570 |   29508 |  84.1 |      12 |      60 |  83.3
    Snake:1 |    8199 |   16400 |  66.7 |      18 |      24 |  57.1
    Snake:2 |    3277 |       0 |   0.0 |       9 |       0 |   0.0
    Snake:3 |   25911 |       0 |   0.0 |      57 |       0 |   0.0
    Snake:4 |   11944 |   32961 |  73.4 |      23 |      53 |  69.7
    Slime:1 |    7723 |       0 |   0.0 |      19 |       0 |   0.0
    Slime:2 |    9488 |    3138 |  24.9 |      20 |       4 |  16.7
    Slime:3 |   14295 |    5761 |  28.7 |      27 |       9 |  25.0
    Slime:4 |   16959 |       0 |   0.0 |      24 |       0 |   0.0
    Slime:5 |   18904 |   30577 |  61.8 |      28 |      23 |  45.1
      Orc:1 |    2889 |    2096 |  42.0 |      34 |       5 |  12.8
      Orc:2 |    3433 |    8723 |  71.8 |      38 |      61 |  61.6
      Elf:1 |   15848 |   13199 |  45.4 |      27 |      20 |  42.6
      Elf:2 |   23818 |   26775 |  52.9 |      38 |      34 |  47.2
      Elf:3 |   16859 |   47806 |  73.9 |      37 |      44 |  54.3
   Vaults:1 |   33148 |   16141 |  32.7 |      54 |      17 |  23.9
   Vaults:2 |   22273 |   15744 |  41.4 |      35 |      14 |  28.6
   Vaults:3 |   28316 |   20200 |  41.6 |      40 |      26 |  39.4
   Vaults:4 |   35639 |   32535 |  47.7 |      59 |      45 |  43.3
    Crypt:1 |   32101 |   14237 |  30.7 |      57 |      22 |  27.8
    Crypt:2 |   25952 |   11134 |  30.0 |      44 |       9 |  17.0
    Crypt:3 |   22303 |   28876 |  56.4 |      42 |      20 |  32.3
   Depths:1 |   32174 |   17262 |  34.9 |      39 |      14 |  26.4
   Depths:2 |   32107 |   16296 |  33.7 |      41 |      14 |  25.5
   Depths:3 |   32904 |   26517 |  44.6 |      37 |      30 |  44.8
   Depths:4 |   20100 |   44695 |  69.0 |      23 |      39 |  62.9
      Zot:1 |   38406 |   18784 |  32.8 |      30 |      12 |  28.6
      Zot:2 |   28998 |    2028 |   6.5 |      24 |       2 |   7.7
      Zot:3 |   21303 |    5534 |  20.6 |      17 |       4 |  19.0
      Zot:4 |   33622 |       0 |   0.0 |      26 |       0 |   0.0
      Zot:5 |   42494 |  109873 |  72.1 |      33 |      43 |  56.6
    Ossuary |       0 |     677 | 100.0 |       0 |      27 | 100.0
      IceCv |       0 |   12865 | 100.0 |       0 |      26 | 100.0
   Gauntlet |       0 |    6585 | 100.0 |       0 |      16 | 100.0
            +---------+---------+-------+---------+---------+-------
